 Dungeon Sprint DCSS version 0.19-a0-1803-g97ff39f (webtiles) character file.

1880 Naow the Severer (level 8, -5/70 HPs)
             Began as a Minotaur Berserker on Oct 5, 2016.
             Was a High Priest of Trog.
             Slain by a skeletal warrior
             ... wielding a +0 trident
              (19 damage)
             ... in the Dungeon (Sprint IX: "|||||||||||||||||||||||||||||").
             The game lasted 00:02:11 (416 turns).

Naow the Severer (Minotaur Berserker)                Turns: 416, Time: 00:02:11

Health: -5/70      AC: 11    Str: 22    XL:     8   Next: 91%
Magic:  7/7        EV:  7    Int:  9    God:    Trog [*****.]
Gold:   0          SH:  0    Dex: 13    Spells: 0 memorised, 7 levels left

rFire  . . .     SeeInvis .     n - +1 broad axe (chop)
rCold  . . .     Gourm    .     o - +0 plate armour
rNeg   . . .     Faith    .     (no shield)
rPois  .         Spirit   .     (helmet restricted)
rElec  .         Dismiss  .     (no cloak)
rCorr  .         Reflect  .     (no gloves)
MR     ++...     Harm     .     (no boots)
Stlth  .......... NoTele   +    (no amulet)
                                q - +3 ring of dexterity
                                p - +3 ring of intelligence

@: exhausted, regenerating, slowed, very slow
A: retaliatory headbutt, horns 2
a: Berserk, Trog's Hand, Brothers in Arms, Burn Spellbooks, Renounce Religion


You were in the Dungeon.
You worshipped Trog.
Trog was extremely pleased with you.
You were hungry.

You visited 1 branch

Inventory:

Hand Weapons
 a - a +0 hand axe
 n - a +1 broad axe of chopping (weapon)
Armour
 b - a +0 animal skin
 o - a +0 plate armour (worn)
Jewellery
 p - a +3 ring of intelligence (left hand)
 q - a +3 ring of dexterity (right hand)
Wands
 m - a wand of acid (7/15)
Scrolls
 i - 2 scrolls of blinking
 l - 3 scrolls of remove curse
Potions
 d - 5 potions of curing
 e - 3 potions of heal wounds
 f - a potion of haste
 g - 4 potions of magic
 h - a potion of berserk rage
 k - a potion of invisibility
Comestibles
 c - a bread ration
 j - 2 chunks of flesh


   Skills:
 - Level 5.8 Fighting
 + Level 20.9 Axes
 - Level 3.2 Armour
 - Level 3.2 Dodging


You had 7 spell levels left.
You didn't know any spells.

Dungeon Overview and Level Annotations

Branches:
Dungeon (1/1)

Altars:
Cheibriados
Dithmenos
Elyvilon
Fedhas
Gozag
Hepliaklqana
Kikubaaqudgha
Makhleb
Nemelex Xobeh
Okawaru
Qazlal
Ru
Sif Muna
Trog
Uskayaw
Vehumet
Xom
Yredelemnul
Zin
The Shining One
Beogh
Jiyva
Lugonu


Innate Abilities, Weirdness & Mutations

You reflexively headbutt those who attack you in melee.
You have a pair of horns on your head.


Message History

The brown ugly thing gores you!
* * * LOW HITPOINT WARNING * * *
You are splashed with acid!
The acid burns!
* * * LOW HITPOINT WARNING * * *
You closely miss the brown ugly thing.
The brown ugly thing is severely wounded.
Your plate armour prevents you from hitting the brown ugly thing.
The brown ugly thing is severely wounded.
You slash the brown ugly thing!
You kill the brown ugly thing!
Trog accepts your kill.
You are no longer berserk.
You are exhausted.
You feel yourself slow down.
You are feeling hungry.
Your skin crawls.
You feel resistant to hostile enchantments.
You feel somewhat more hungry.
The skeletal warrior hits you from afar with a trident!!
You die...

▓'▓
▓)▓
▓)▓
▓.▓
▓.▓
▓.▓
▓.▓
▓)▓
▓@▓
▓o▓
▓z▓
▓c▓
▓.▓
▓.▓
▓+▓


You could see a skeletal warrior, a centaur warrior and an orc warrior.

Vanquished Creatures
  A death knight (D)
  A hill giant (D)
  An ugly thing (D)
  A wyvern (D)
  A yak (D)
  An orc warrior (D)
  A worker ant (D)
  3 adders (D)
  2 orcs (D)
  A bat zombie (D)
  2 goblins (D)
  2 kobolds (D)
  A bat (D)
  A frilled lizard (D)
19 creatures vanquished.

Notes
Turn   | Place    | Note
-------+----------+-------------------------------------------
     0 | D        | Naow the Minotaur Berserker began the quest for the Orb.
     0 | D        | Reached XP level 1. HP: 19/19 MP: 0/0
     7 | D        | Reached skill level 4 in Axes
    12 | D        | Reached ** piety under Trog
   131 | D        | Reached skill level 5 in Fighting
   131 | D        | Reached skill level 5 in Axes
   131 | D        | Reached XP level 2. HP: 29/29 MP: 1/1
   132 | D        | Reached *** piety under Trog
   136 | D        | Reached skill level 6 in Axes
   136 | D        | Reached XP level 3. HP: 37/37 MP: 2/2
   214 | D        | Found a roughly hewn altar of Beogh.
   214 | D        | Found a snail-covered altar of Cheibriados.
   214 | D        | Found a shadowy altar of Dithmenos.
   214 | D        | Found a white marble altar of Elyvilon.
   214 | D        | Found a blossoming altar of Fedhas.
   214 | D        | Found an opulent altar of Gozag.
   215 | D        | Found a hazy altar of Hepliaklqana.
   216 | D        | Found a viscous altar of Jiyva.
   217 | D        | Found an ancient bone altar of Kikubaaqudgha.
   218 | D        | Found a corrupted altar of Lugonu.
   219 | D        | Found a burning altar of Makhleb.
   220 | D        | Found a sparkling altar of Nemelex Xobeh.
   221 | D        | Found an iron altar of Okawaru.
   222 | D        | Found a stormy altar of Qazlal.
   223 | D        | Found a sacrificial altar of Ru.
   224 | D        | Found a deep blue altar of Sif Muna.
   225 | D        | Found a bloodstained altar of Trog.
   226 | D        | Found a hide-covered altar of Uskayaw.
   227 | D        | Found a radiant altar of Vehumet.
   228 | D        | Found a shimmering altar of Xom.
   229 | D        | Found a basalt altar of Yredelemnul.
   230 | D        | Found a glowing silver altar of Zin.
   231 | D        | Found a glowing golden altar of the Shining One.
   271 | D        | Noticed a yak
   271 | D        | Noticed an orc warrior
   271 | D        | Noticed a wyvern
   276 | D        | Killed a yak
   276 | D        | Reached **** piety under Trog
   276 | D        | Reached skill level 12 in Axes
   276 | D        | Reached XP level 4. HP: 37/44 MP: 3/3
   276 | D        | Reached XP level 5. HP: 43/50 MP: 4/4
   283 | D        | Killed an orc warrior
   283 | D        | Reached skill level 14 in Axes
   283 | D        | Reached XP level 6. HP: 49/57 MP: 5/5
   288 | D        | Killed a wyvern
   288 | D        | Reached skill level 15 in Axes
   396 | D        | Noticed a hill giant
   396 | D        | Noticed an orc warrior
   396 | D        | Noticed a death knight
   396 | D        | Noticed a brown ugly thing
   396 | D        | Noticed a skeletal warrior
   396 | D        | Noticed a centaur warrior
   399 | D        | Killed a hill giant
   399 | D        | Reached ***** piety under Trog
   399 | D        | Reached skill level 18 in Axes
   399 | D        | Reached XP level 7. HP: 62/62 MP: 6/6
   409 | D        | Killed a death knight
   409 | D        | Reached skill level 20 in Axes
   409 | D        | Reached XP level 8. HP: 45/70 MP: 7/7
   415 | D        | Killed a brown ugly thing
   416 | D        | Slain by a skeletal warrior

Vault maps used:
D:        linesprint

Skill      XL: |  1  2  3  4  5  6  7 |
---------------+----------------------+-----
Axes           | 5 6 12 14 18 20 | 20.9
Fighting       | 5 |  5.8
Armour         | 3 |  3.2
Dodging        | 3 |  3.2

Action                   |  1- 3 |  4- 6 |  7- 9 || total
-------------------------+-------+-------+-------++-------
Melee: Hand axe          |    16 |       |       ||    16
       Headbutt          |     5 |     2 |     5 ||    12
       Broad axe         |     4 |    12 |    14 ||    30
Invok: Berserk           |     3 |     1 |       ||     4
       Trog's Hand       |       |       |     1 ||     1
  Eat: Chunk             |       |     2 |       ||     2
Armor: Plate armour      |     1 |     3 |       ||     4
Dodge: Dodged            |    10 |     2 |     2 ||    14
